 Dungeon Crawl Stone Soup version 0.26.0-11-g8f856b5395 (console) character file.

Game seed: 426270922521935358

24191 jejorda2 the Carver (level 12, -4/136 HPs)
             Began as a Vampire Berserker on Jan 14, 2021.
             Was a High Priest of Trog.
             Slain by an entropy weaver (8 damage)
             ... on level 10 of the Dungeon.
             The game lasted 00:56:43 (13452 turns).

jejorda2 the Carver (Vampire Berserker)            Turns: 13452, Time: 00:56:45

Health: -4/136     AC:  6    Str: 20    XL:     12   Next: 78%
Magic:  12/12      EV:  8    Int: 18    God:    Trog [*****.]
Gold:   777        SH: 18    Dex: 16    Spells: 11/11 levels left

rFire    + + .     SeeInvis +   a - +0 scimitar
rCold    + . .     Faith    .   B - +0 tower shield
rNeg     . . .     Spirit   .   K - +0 plate armour
rPois    .         Reflect  .   (no helmet)
rElec    .         Harm     .   X - scarf {rC+ rF+}
rCorr    .         Rampage  .   o - +0 pair of gloves
Will     +....                  k - +0 pair of boots
Stlth    ..........             N - amulet of the acrobat
HPRegen  0.52/turn              m - +4 ring of evasion
MPRegen  0.13/turn              v - ring "Pajizu" {rF+ Int+7 Dex+3 Stlth-}

@: berserking (expiring), corroded, regenerating quickly, very quick
A: fangs 3, see invisible, unbreathing
a: Exsanguinate, Renounce Religion, Berserk, Trog's Hand, Brothers in Arms


You were on level 10 of the Dungeon.
You worshipped Trog.
Trog was extremely pleased with you.
You visited 1 branch of the dungeon, and saw 12 of its levels.
You also visited: Bailey.

You collected 899 gold pieces.
You spent 122 gold pieces at shops.

Inventory:

Hand Weapons
 a - a +0 scimitar (weapon)
 t - a +0 morningstar
 P - the +3 falchion "Peneann" {antimagic, +Rage SInv Stlth-}
   (Trog gifted it to you on level 11 of the Dungeon)

   It reduces the magical energy of the wielder, and disrupts the spells and
   magical abilities of those hit.
   Natural abilities and divine invocations are not affected.
   It lets you see invisible.
   It lets you go berserk.
   It makes you less stealthy.
Missiles
 d - 396 stones
 i - 60 poisoned darts (quivered)
 q - 4 throwing nets
 x - 72 boomerangs
 D - 5 silver boomerangs
 L - 8 silver javelins
 M - 6 boomerangs of dispersal
 V - 4 curare-tipped darts
Armour
 k - a +0 pair of boots (worn)
 o - a +0 pair of gloves (worn)
 B - a +0 tower shield (worn)
 K - a +0 plate armour (worn)
 X - a scarf of resistance (worn)
Jewellery
 m - a +4 ring of evasion (left hand)
 r - an uncursed ring of protection from cold
 v - the ring "Pajizu" (right hand) {rF+ Int+7 Dex+3 Stlth-}
   (You found it on level 5 of the Dungeon)

   [ring of protection from fire]

   It affects your intelligence (+7).
   It affects your dexterity (+3).
   It protects you from fire.
   It makes you less stealthy.
 N - an amulet of the acrobat (around neck)
 T - a ring of the Octopus King {rN+ AC+1 EV+1 Str+1 Int+1 Dex+1}
   (You took it off a hobgoblin on level 12 of the Dungeon)

   [ring of positive energy]

   It affects your AC (+1).
   It affects your evasion (+1).
   It affects your strength (+1).
   It affects your intelligence (+1).
   It affects your dexterity (+1).
   It protects you from negative energy.
Wands
 n - a wand of disintegration (12)
 A - a wand of digging (9)
 C - a wand of acid (12)
 S - a wand of flame (11)
 U - a wand of random effects (16)
Scrolls
 e - 8 scrolls of teleportation
 f - 3 scrolls of remove curse
 g - 4 scrolls of fog
 l - 8 scrolls of identify
 u - 4 scrolls of blinking
 F - a scroll of brand weapon
 O - 3 scrolls of enchant weapon
 R - a scroll of fear
 W - a scroll of magic mapping
Potions
 b - 5 potions of lignification
 c - 6 potions of attraction
 h - 5 potions of flight
 j - 6 potions of heal wounds
 p - a potion of resistance
 s - 6 potions of curing
 w - a potion of invisibility
 z - 4 potions of haste
 E - a potion of cancellation
 G - 3 potions of mutation
 Q - 3 potions of ambrosia
 Y - a potion of might


   Skills:
 + Level 7.5 Fighting
 - Level 14.0 Long Blades
 + Level 2.7 Throwing
 - Level 5.0 Armour
 - Level 2.1 Dodging
 * Level 11.5 Shields
 - Level 3.0 Evocations


You had 11 spell levels left.
You didn't know any spells.
Your spell library was empty.

Dungeon Overview and Level Annotations

Branches:
Dungeon (12/15)            Temple (0/1) D:6            Lair (0/6) D:10
    Orc (0/2) D:12         Bailey (visited)

Altars:
Dithmenos
Fedhas
Gozag
Ru
Trog
Xom
Yredelemnul
Zin
The Shining One

Shops:
D:7 ?   D:9 *   D:10 !


Innate Abilities, Weirdness & Mutations

Your natural rate of healing is unusually fast.
You have razor-sharp teeth.
You have supernaturally acute eyesight. (SInv)
You can survive without breathing.


Message History

The entropy weaver hits you but does no damage.
Unknown command.
Unknown command.
You hit the entropy weaver but do no damage.
The entropy weaver is severely wounded.
You block the entropy weaver's attack.
The entropy weaver hits you but does no damage.
The entropy weaver misses you. You block the entropy weaver's attack.
Unknown command.
You slash the entropy weaver!
You bite the entropy weaver, but do no damage.
The entropy weaver is almost dead.
You completely miss the entropy weaver.
The entropy weaver is almost dead.
The entropy weaver hits you.
* * * LOW HITPOINT WARNING * * *
You block the entropy weaver's attack.
The entropy weaver hits you but does no damage.
The entropy weaver hits you!
You die...

#.# #.####### #.# ###.# #####.#
#...# #...#.# #.###
######.###.# #.# #......# #†#
#.# # #.###### #÷# #.# # #.#
#.#######.#[# # #.#
#...@Bt.[.#.# #.#
#############.#########
##.######....####..............
#...)...................#######
#....###....#†#######.#.#
#.#...≈...#.#.# #.#)#
##..#...#..##.# #.#.#
#.##P.P##.#..# #.#.#
#..PPPP...#..# #.#.#


You could see an entropy weaver and a fire crab.

Vanquished Creatures
  An entropy weaver (D:10)
  A centaur warrior (D:12)
  3 two-headed ogres
  A boulder beetle (D:8)
  A queen ant (D:10)
  Sonja (D:11)
  3 fire crabs (D:10)
  2 unseen horrors (D:11)
  3 ugly things
  2 manticores
  A cyclops (D:11)
  Joseph (D:8)
  A centaur zombie (D:12)
  Maurice (D:11)
  A gargoyle (D:11)
  A troll (D:12)
  A hornet (D:10)
  16 yaks
  Grum (D:8)
  A steam dragon (D:11)
  5 soldier ants (D:10)
  A water moccasin (D:11)
  4 ice beasts
  2 black bears
  11 orc warriors
  5 sky beasts
  4 phantoms
  3 wolves (D:8)
  6 ogres
  9 centaurs
  A big kobold (D:4)
  7 bullfrogs
  6 scorpions
  13 killer bees
  11 wights
  A howler monkey (D:10)
  A crimson imp (D:8)
  A quasit (D:8)
  7 hounds
  8 orc priests
  3 bullfrog skeletons
  12 orc wizards
  3 centaur skeletons
  5 iguanas
  23 worker ants
  Natasha (thrice) (D:3)
  A mummy (D:7)
  A worker ant zombie (D:7)
  10 gnolls
  15 adders
  7 shadow imps
  An ufetubus (D:7)
  3 adder zombies
  An adder skeleton (D:9)
  3 worms
  A dart slug (D:2)
  7 leopard geckos
  72 orcs
  3 ball pythons
  7 giant cockroaches
  13 goblins
  10 hobgoblins
  8 jackals
  19 kobolds
  7 quokkas
  6 bats
  5 frilled lizards
  6 hobgoblin zombies
  A jackal skeleton (D:2)
  3 kobold skeletons (D:8)
  A kobold zombie (D:8)
  A leopard gecko zombie (D:6)
  3 orc zombies
  A quokka zombie (D:9)
  8 rats
422 creatures vanquished.

Vanquished Creatures (collateral kills)
  Fannar (D:10)
  Maggie (D:10)
  A wraith (D:10)
  10 soldier ants (D:10)
  4 orc warriors (Bailey)
  12 worker ants (D:10)
29 creatures vanquished.

Vanquished Creatures (others)
  9 plants
9 creatures vanquished.

Grand Total: 460 creatures vanquished

Notes
Turn   | Place    | Note
-------+----------+-------------------------------------------
     0 | D:1      | jejorda2 the Vampire Berserker began the quest for the Orb.
     0 | D:1      | Reached XP level 1. HP: 17/17 MP: 1/1
   400 | D:1      | Reached XP level 2. HP: 15/23 MP: 2/2
   919 | D:2      | Reached XP level 3. HP: 18/29 MP: 3/3
  1070 | D:2      | Found a shimmering altar of Xom.
  1077 | D:2      | Reached ** piety under Trog
  1308 | D:2      | Found a bloodstained altar of Trog.
  1418 | D:2      | Reached skill level 4 in Long Blades
  1422 | D:2      | Reached XP level 4. HP: 35/35 MP: 4/4
  1530 | D:2      | Found a blossoming altar of Fedhas.
  1732 | D:3      | Found an opulent altar of Gozag.
  1733 | D:3      | Noticed Natasha
  1742 | D:3      | Killed Natasha
  1765 | D:3      | Reached XP level 5. HP: 27/41 MP: 5/5
  2132 | D:3      | Noticed Natasha
  2147 | D:3      | Killed Natasha
  2278 | D:3      | Reached skill level 5 in Long Blades
  2318 | D:3      | Reached XP level 6. HP: 42/48 MP: 6/6
  2320 | D:3      | Reached *** piety under Trog
  2523 | D:3      | Noticed Natasha
  2530 | D:3      | Killed Natasha
  3348 | D:4      | Reached skill level 6 in Long Blades
  3348 | D:4      | Reached XP level 7. HP: 51/54 MP: 7/7
  3734 | D:5      | Entered Level 5 of the Dungeon
  3889 | D:5      | Got a warped tin ring
  3891 | D:5      | Identified the ring "Pajizu" {rF+ Int+7 Dex+3 Stlth-} (You
                  | found it on level 5 of the Dungeon)
  4030 | D:5      | Reached skill level 1 in Shields
  4353 | D:5      | Found a basalt altar of Yredelemnul.
  4488 | D:6      | Reached **** piety under Trog
  4518 | D:6      | Found a staircase to the Ecumenical Temple.
  4560 | D:6      | Reached XP level 8. HP: 61/61 MP: 8/8
  4584 | D:6      | Reached skill level 7 in Long Blades
  4604 | D:6      | Reached skill level 5 in Fighting
  5511 | D:7      | Reached skill level 8 in Long Blades
  5681 | D:7      | Found Soil Fio's Magic Scroll Shop.
  5686 | D:7      | Bought a scroll of fog for 26 gold pieces
  5973 | D:7      | Reached skill level 5 in Armour
  6018 | D:7      | Reached XP level 9. HP: 64/65 MP: 9/9
  6366 | D:8      | Reached skill level 1 in Evocations
  6372 | D:8      | Reached skill level 9 in Long Blades
  6375 | D:8      | Noticed Joseph
  6396 | D:8      | Killed Joseph
  6520 | D:8      | Found a flagged portal.
  6622 | Bailey   | Entered a bailey
  6848 | Bailey   | Reached skill level 10 in Long Blades
  6851 | Bailey   | Reached skill level 5 in Shields
  7248 | D:8      | Found a glowing golden altar of the Shining One.
  7328 | D:8      | Noticed Grum
  7344 | D:8      | Killed Grum
  7351 | D:8      | Reached XP level 10. HP: 72/74 MP: 10/10
  7351 | D:8      | Noticed a boulder beetle
  7561 | D:8      | Killed a boulder beetle
  7562 | D:8      | Reached skill level 11 in Long Blades
  7837 | D:9      | Found Kokhisex's General Store.
  7855 | D:9      | Bought a potion of ambrosia for 96 gold pieces
  8110 | D:9      | Found a sacrificial altar of Ru.
  8459 | D:9      | Found a glowing silver altar of Zin.
  8527 | D:9      | Found a shadowy altar of Dithmenos.
  8540 | D:9      | Noticed a two-headed ogre
  8579 | D:9      | Killed a two-headed ogre
  8580 | D:9      | Reached skill level 12 in Long Blades
  8881 | D:10     | Entered Level 10 of the Dungeon
  8999 | D:10     | Paralysed by a hornet for 2 turns
  9019 | D:10     | Reached ***** piety under Trog
  9180 | D:10     | Noticed a white ugly thing
  9195 | D:10     | Reached XP level 11. HP: 64/79 MP: 11/11
  9204 | D:10     | Killed a white ugly thing
  9393 | D:10     | Found a runed translucent door.
  9399 | D:10     | Noticed a fire crab
  9436 | D:10     | Found Peshanig's Distillery.
  9517 | D:10     | You fall into a shaft and drop 2 floors!
  9517 | D:12     | Noticed a green ugly thing
  9539 | D:12     | Killed a green ugly thing
  9540 | D:12     | Reached skill level 13 in Long Blades
  9812 | D:12     | Found a staircase to the Orcish Mines.
  9942 | D:12     | Identified a ring of the Octopus King {rN+ AC+1 EV+1 Str+1
                  | Int+1 Dex+1}
  9987 | D:12     | Noticed a centaur warrior
 10008 | D:12     | Killed a centaur warrior
 10296 | D:12     | Noticed a two-headed ogre
 10309 | D:12     | Killed a two-headed ogre
 10533 | D:11     | Noticed a two-headed ogre
 10549 | D:11     | Killed a two-headed ogre
 10550 | D:11     | Reached skill level 14 in Long Blades
 10899 | D:11     | Received a gift from Trog
 10900 | D:11     | Got a pitted falchion {god gift}
 10905 | D:11     | Identified the +3 falchion "Peneann" {antimagic, +Rage SInv
                  | Stlth-} (Trog gifted it to you on level 11 of the Dungeon)
 11035 | D:11     | Noticed Maurice
 11042 | D:11     | Noticed Sonja
 11050 | D:11     | Killed Maurice
 11053 | D:11     | Killed Sonja
 11126 | D:11     | Noticed a white ugly thing
 11146 | D:11     | Killed a white ugly thing
 11233 | D:11     | Reached XP level 12. HP: 83/87 MP: 12/12
 11367 | D:11     | Reached skill level 10 in Shields
 11791 | D:10     | Noticed Maggie
 11796 | D:10     | Killed Maggie
 11806 | D:10     | Noticed Fannar
 11809 | D:10     | Killed Fannar
 11909 | D:10     | Noticed a queen ant
 11932 | D:10     | Killed a queen ant
 12001 | D:10     | Reached skill level 1 in Throwing
 12114 | D:10     | Identified a scroll of acquirement
 12114 | D:10     | Acquired a scarf of resistance
 12481 | D:10     | Found a staircase to the Lair.
 13240 | D:10     | Noticed an entropy weaver
 13261 | D:10     | Killed an entropy weaver
 13433 | D:10     | Noticed an entropy weaver
 13449 | D:10     | HP: 6/136 [entropy weaver (10)]
 13452 | D:10     | Slain by an entropy weaver

Illustrated notes

Levels and vault maps discovered:
D:1:      matt_arrival_spirals, layout_loops_ring
D:2:      layout_rooms, bloody_trog, lemuel_coloured_pillars_altar,
          nicolae_overflow_crystal_walls, minmay_pentomino_z4
D:3:      minmay_recursive_quarters, layout_loops_ring, grunt_gozag_statues,
          uniq_natasha
D:4:      layout_loops_ring, guppyfry_early_lair_pool
D:5:      layout_loops_ring, kennysheep_little_box
D:6:      layout_basic, minmay_temple_entry_tees
D:7:      layout_rooms, serial_shops, nicolae_shop_statue_plus,
          minmay_mini_ossuary
D:8:      layout_loops_ring, enter_bailey_5, nicolae_tso_besieged_by_evil,
          uniq_joseph, uniq_grum
D:9:      layout_roguey, kennysheep_mini_moat, marbit_many_paths,
          nicolae_dithmenos_through_a_glass_darkly, serial_shops,
          nicolae_shop_trees, minivault_5, grunt_ministairs_6
D:10:     gammafunk_mikee_crab_dinner, layout_loops_ring, dpeg_oklobed_lair,
          serial_shops, shop, minmay_variable_closet, serial_bayou_pond_b,
          zaba_anthell, uniq_maggie, uniq_fannar
D:11:     layout_loops_ring, minmay_crystal_water, uniq_sonja, uniq_maurice
D:12:     layout_basic, erik_orc_4

Skill      XL: |  1  2  3  4  5  6  7  8  9 10 11 12 |
---------------+-------------------------------------+-----
Fighting       | 3 4 5 7 |  7.5
Armour         | 2 3 4 5 |  5.0
Long Blades    | 4 5 6 8 10 12 14 | 14.0
Shields        | 1 3 5 7 9 11 | 11.5
Evocations     | 3 |  3.0
Throwing       | 2 |  2.7
Dodging        | |  2.1

Action                   |  1- 3 |  4- 6 |  7- 9 | 10-12 || total
-------------------------+-------+-------+-------+-------++-------
Melee: Falchion          |    87 |   263 |       |       ||   350
       Bite              |     6 |    36 |    56 |   156 ||   254
       Long sword        |       |       |   577 |   841 ||  1418
       Scimitar          |       |       |       |   247 ||   247
Throw: Stone             |     1 |       |       |       ||     1
       Dart              |       |     2 |       |    23 ||    25
       Boomerang         |       |       |    15 |    22 ||    37
Invok: Berserk           |     1 |     2 |     3 |    11 ||    17
       Trog's Hand       |       |       |     1 |     3 ||     4
       Brothers in Arms  |       |       |     4 |     2 ||     6
Evoke: Wand              |       |       |     1 |     3 ||     4
  Use: Scroll            |       |       |    21 |     8 ||    29
       Potion            |       |       |     1 |       ||     1
Armor: Leather armour    |    40 |    16 |       |       ||    56
       Ring mail         |       |    53 |     9 |       ||    62
       Scale mail        |       |       |    63 |       ||    63
       Plate armour      |       |       |   102 |   221 ||   323
Dodge: Dodged            |    80 |   202 |   208 |   165 ||   655
Block: Tower shield      |       |       |   436 |   641 ||  1077
       Rpst.: Falchion   |    26 |    49 |       |       ||    75
       Long sword        |       |       |    46 |    35 ||    81
       Scimitar          |       |       |       |    12 ||    12
